[Event "EYCC Open-U10 2019"]
[Site "Bratislava"]
[Date "2019.08.09"]
[Round "8.21"]
[White "Haubold, Sebastian Marcel"]
[Black "Deveci, Huseyin Said"]
[Result "0-1"]
[ECO "C91"]
[WhiteElo "1455"]
[BlackElo "1558"]
[Annotator "NA"]
[PlyCount "118"]
[EventDate "2019.08.02"]
[EventType "swiss"]
[EventCountry "SVK"]
[SourceTitle "playchess.com"]
[Source "ChessBase"]
[SourceQuality "1"]
[TimeControl "40/5400+30:1800+30"]

1. e4 e5 2. Nf3 Nc6 3. Bb5 a6 4. Ba4 Nf6 5. O-O b5 6. Bb3 d6 7. c3 Be7 8. Re1 O-O 9. d4 Bg4 10. Be3 Qd7 11. Nbd2 Rad8 12. Qc2 exd4 13. cxd4 Bh5 14. Rac1 Bxf3 15. gxf3 Nb4 16. Qc3 a5 17. a3 Na6 18. Qxa5 Ra8 19. Qc3 Qh3 20. Qd3 Rab8 21. Rc6 Qc8 22. Kh1 Qb7 23. Rec1 Nc5 24. R6xc5 dxc5 25. dxc5 c6 26. e5 Rbd8 27. Qf5 Nd5 28. Bh6 g6 29. Rg1 Kh8 30. Qg4 Rfe8 31. h4 Qd7 32. Qg3 Qf5 33. Ne4 Qh5 34. Bg5 Bxg5 35. Nxg5 Re7 36. Bd1 Qh6 37. f4 Nc7 38. Bf3 Rd3 39. Qg4 Nd5 40. Qc8+ Kg7 41. Qg4 Rd4 42. Bxd5 cxd5 43. Qg3 Qh5 44. f3 h6 45. Nh3 Rd3 46. Rf1 Rc7 47. Qf2 d4 48. b4 Qf5 49. Kg2 Ra7 50. c6 Raxa3 51. Qe1 Rac3 52. Qb1 Rd2+ 53. Kg3 Rcc2 54. Nf2 g5 55. hxg5 hxg5 56. c7 gxf4+ 57. Kg2 Qg5+ 58. Kh1 Qh4+ 59. Kg2 Rxf2+ 0-1

[Event "EYCC Open-U10 2019"]
[Site "Bratislava"]
[Date "2019.08.09"]
[Round "8.22"]
[White "Bartodziej, Bartosz"]
[Black "Govoreanu, Matei"]
[Result "1-0"]
[ECO "B06"]
[WhiteElo "1526"]
[BlackElo "1241"]
[Annotator "NA"]
[PlyCount "105"]
[EventDate "2019.08.02"]
[EventType "swiss"]
[EventCountry "SVK"]
[SourceTitle "playchess.com"]
[Source "ChessBase"]
[SourceQuality "1"]
[TimeControl "40/5400+30:1800+30"]

1. e4 g6 2. d4 Bg7 3. Nc3 c6 4. f4 d5 5. e5 Nh6 6. Nf3 Bg4 7. h3 Bxf3 8. Qxf3 Nf5 9. Ne2 e6 10. Bd2 Qb6 11. Qc3 h5 12. g3 Nd7 13. O-O-O O-O-O 14. Be1 f6 15. Qd3 Kb8 16. Kb1 c5 17. c3 c4 18. Qf3 Ne7 19. g4 hxg4 20. hxg4 Rxh1 21. Qxh1 Rh8 22. Qf3 a5 23. Kc2 Qc6 24. Rc1 Qa4+ 25. Kb1 Qb5 26. Ka1 Bh6 27. exf6 Nc6 28. g5 Bf8 29. Bh3 Nd8 30. Qe3 Qa6 31. Bg4 a4 32. Bg3 Ka8 33. Qd2 a3 34. Rb1 Nc6 35. bxa3 Na7 36. a4 Ba3 37. Qc2 Nf8 38. Ng1 Nc6 39. Nf3 Qa7 40. Ne5 Nxd4 41. Qd2 Nc6 42. Nxc6 bxc6 43. f5 Nd7 44. fxg6 Nc5 45. g7 Rg8 46. Bf2 Qd7 47. Bxc5 Bxc5 48. Qb2 d4 49. Bxe6 dxc3 50. Bxd7 cxb2+ 51. Kxb2 Rd8 52. Re1 c3+ 53. Kc2 1-0

[Event "EYCC Open-U10 2019"]
[Site "Bratislava"]
[Date "2019.08.09"]
[Round "8.23"]
[White "Butolo, Alexandru-Mircea"]
[Black "Kisic, Jovan"]
[Result "1/2-1/2"]
[ECO "D00"]
[WhiteElo "1593"]
[BlackElo "1757"]
[Annotator "NA"]
[PlyCount "50"]
[EventDate "2019.08.02"]
[EventType "swiss"]
[EventCountry "SVK"]
[SourceTitle "playchess.com"]
[Source "ChessBase"]
[SourceQuality "1"]
[TimeControl "40/5400+30:1800+30"]

1. d4 d5 2. g3 Nf6 3. Bg2 Bf5 4. c4 c6 5. Nc3 e6 6. Nf3 h6 7. O-O Bd6 8. Qb3 b6 9. Qa4 O-O 10. Bf4 Bxf4 11. gxf4 Nh5 12. e3 Bd3 13. Rfd1 Bxc4 14. Ne5 b5 15. Qc2 b4 16. Nxc4 bxc3 17. Ne5 cxb2 18. Rab1 Qd6 19. Rxb2 Nd7 20. Rb7 Nb6 21. Qxc6 Qxc6 22. Nxc6 Nc4 23. Bf1 Nd6 24. Rb3 Kh8 25. Ba6 Nf6 1/2-1/2

[Event "EYCC Open-U10 2019"]
[Site "Bratislava"]
[Date "2019.08.09"]
[Round "8.24"]
[White "Blumenthal, Michael"]
[Black "Ermitsch, Magnus"]
[Result "1/2-1/2"]
[ECO "B47"]
[WhiteElo "1311"]
[BlackElo "1750"]
[Annotator "NA"]
[PlyCount "61"]
[EventDate "2019.08.02"]
[EventType "swiss"]
[EventCountry "SVK"]
[SourceTitle "playchess.com"]
[Source "ChessBase"]
[SourceQuality "1"]
[TimeControl "40/5400+30:1800+30"]

1. e4 c5 2. Nf3 e6 3. d4 cxd4 4. Nxd4 Nc6 5. Nc3 Qc7 6. Qd3 a6 7. Nxc6 dxc6 8. Qg3 Qxg3 9. hxg3 e5 10. Be3 Be6 11. a3 Be7 12. O-O-O Nf6 13. f3 O-O 14. Be2 b5 15. g4 a5 16. a4 bxa4 17. Nxa4 Nd7 18. g5 Rfb8 19. g3 Rb4 20. b3 Rab8 21. Kd2 c5 22. Nb2 a4 23. Nxa4 c4 24. Rb1 cxb3 25. cxb3 Bxb3 26. Nc3 Nb6 27. Ke1 Na4 28. Nxa4 Bxa4 29. Rxb4 Rxb4 30. Kf2 Rb8 31. Ra1 1/2-1/2

[Event "EYCC Open-U10 2019"]
[Site "Bratislava"]
[Date "2019.08.09"]
[Round "8.25"]
[White "Hvozdz, Aliaksandr"]
[Black "Dimitrov, Martin"]
[Result "0-1"]
[ECO "B36"]
[WhiteElo "1699"]
[BlackElo "1473"]
[Annotator "NA"]
[PlyCount "108"]
[EventDate "2019.08.02"]
[EventType "swiss"]
[EventCountry "SVK"]
[SourceTitle "playchess.com"]
[Source "ChessBase"]
[SourceQuality "1"]
[TimeControl "40/5400+30:1800+30"]

1. e4 c5 2. Nf3 g6 3. d4 cxd4 4. Nxd4 Nc6 5. c4 Nf6 6. Nc3 d6 7. Be3 Ng4 8. Nxc6 bxc6 9. Bf4 Bg7 10. Qd2 Rb8 11. f3 Qa5 12. Nd1 Qxd2+ 13. Kxd2 Nf2 14. Nxf2 Rxb2+ 15. Ke3 Rxf2 16. Kxf2 Bxa1 17. Bd3 Bg7 18. Rb1 O-O 19. c5 Bd4+ 20. Be3 dxc5 21. Rb8 Be6 22. Rb7 Rd8 23. Be2 Bxa2 24. Rxa7 Be6 25. Rxe7 Rb8 26. Rc7 Rb2 27. Rxc6 Bd7 28. Bxd4 cxd4 29. Rd6 Bb5 30. Rxd4 Rxe2+ 31. Kg3 Rc2 32. Rd1 Kg7 33. Re1 g5 34. Rd1 Bc4 35. Rg1 Kg6 36. h4 h6 37. hxg5 hxg5 38. Ra1 f6 39. Rd1 Kf7 40. Kh3 Ke6 41. Kg3 Ke5 42. Ra1 Kd4 43. Re1 Kd3 44. e5 f5 45. e6 Re2 46. Rd1+ Kc2 47. Rh1 Bxe6 48. Rh5 f4+ 49. Kh2 Re5 50. g3 Re2+ 51. Kg1 g4 52. fxg4 f3 53. Rh6 Rg2+ 54. Kh1 Bd5 0-1

[Event "EYCC Open-U10 2019"]
[Site "Bratislava"]
[Date "2019.08.09"]
[Round "8.26"]
[White "Mehtizada, Murad"]
[Black "Deladerriere, Apollo"]
[Result "1-0"]
[ECO "D02"]
[WhiteElo "1516"]
[BlackElo "1696"]
[Annotator "NA"]
[PlyCount "111"]
[EventDate "2019.08.02"]
[EventType "swiss"]
[EventCountry "SVK"]
[SourceTitle "playchess.com"]
[Source "ChessBase"]
[SourceQuality "1"]
[TimeControl "40/5400+30:1800+30"]

1. d4 Nf6 2. Bf4 d5 3. Nf3 e6 4. e3 Bd6 5. Bg3 O-O 6. Bd3 c5 7. c3 Qc7 8. Nbd2 Nbd7 9. O-O Bxg3 10. hxg3 e5 11. e4 Re8 12. Re1 Qd6 13. exd5 Qxd5 14. Bc4 Qd6 15. Qb3 Re7 16. Ng5 Qb6 17. Bxf7+ Kf8 18. Bc4 Qxb3 19. Bxb3 Ke8 20. Nc4 Nf8 21. Nd6+ Kd8 22. dxe5 Ne8 23. Ngf7+ Kc7 24. Rad1 Be6 25. Nxe8+ Raxe8 26. Nd6 Ra8 27. c4 Nd7 28. Bc2 g6 29. f4 Nb6 30. b3 a6 31. Be4 Rb8 32. Bf3 Nc8 33. g4 Na7 34. f5 Bg8 35. f6 Rd7 36. Nxb7 Rxd1 37. Rxd1 Nc6 38. Nxc5 Rb6 39. e6 Ne5 40. f7 Bxf7 41. exf7 Nxf7 42. Rd7+ Kc8 43. Rxf7 h5 44. Bb7+ Kd8 45. Bxa6 hxg4 46. Bb5 g3 47. Nb7+ Kc8 48. c5 Rxb5 49. Nd6+ Kb8 50. Nxb5 g5 51. c6 g4 52. c7+ Kb7 53. Nd6+ Kb6 54. c8=Q Ka5 55. Ra7+ Kb6 56. Qc7# 1-0

[Event "EYCC Open-U10 2019"]
[Site "Bratislava"]
[Date "2019.08.09"]
[Round "8.27"]
[White "Sava, Robert-Gabriel"]
[Black "Jaakkola, Niklas"]
[Result "0-1"]
[ECO "B24"]
[WhiteElo "1292"]
[BlackElo "1587"]
[Annotator "NA"]
[PlyCount "140"]
[EventDate "2019.08.02"]
[EventType "swiss"]
[EventCountry "SVK"]
[SourceTitle "playchess.com"]
[Source "ChessBase"]
[SourceQuality "1"]
[TimeControl "40/5400+30:1800+30"]

1. e4 c5 2. Nc3 Nc6 3. g3 g6 4. Bg2 Bg7 5. d3 e6 6. Be3 d6 7. Qd2 Nge7 8. Nge2 Nd4 9. O-O O-O 10. Nd1 Nec6 11. c3 Nxe2+ 12. Qxe2 e5 13. Qd2 Bd7 14. f4 f6 15. h3 Qe7 16. Rc1 a6 17. Kh2 b5 18. Nf2 Rac8 19. Nh1 Rb8 20. g4 a5 21. Ng3 b4 22. f5 g5 23. Nh5 Rfc8 24. Bxg5 Qf7 25. Bh6 Bh8 26. Rg1 Qxa2 27. Ra1 bxc3 28. Qxc3 Qb3 29. Qe1 Be8 30. Qh4 Bxh5 31. gxh5 Kf7 32. Bc1 Qxd3 33. Ra3 Rb3 34. Bf1 Qc2+ 35. Rg2 Qxc1 36. Rxb3 Qxf1 37. Rb7+ Ne7 38. Rf2 Qa6 39. Rb3 h6 40. Rg3 Qc4 41. Rg4 d5 42. exd5 Qxd5 43. Ra4 c4 44. Qg4 Qb5 45. Ra1 c3 46. bxc3 Rxc3 47. Qe2 Qxe2 48. Rxe2 Nxf5 49. Rxa5 Bg7 50. Ra7+ Ke6 51. Rb2 Bf8 52. Rb6+ Bd6 53. Ra5 e4+ 54. Kg2 Rg3+ 55. Kf1 Rxh3 56. Rxf5 Kxf5 57. Rxd6 Rxh5 58. Ra6 Kg5 59. Ke2 f5 60. Ke3 Rh3+ 61. Kd4 Rd3+ 62. Ke5 e3 63. Ra1 Kg4 64. Ra4+ Kg3 65. Kxf5 e2 66. Rg4+ Kf2 67. Rh4 e1=Q 68. Rxh6 Rd5+ 69. Kf4 Qe3+ 70. Kg4 Qg3# 0-1

[Event "EYCC Open-U10 2019"]
[Site "Bratislava"]
[Date "2019.08.09"]
[Round "8.28"]
[White "Panda, Barnabas"]
[Black "Cruceru-Uceanu, Tudor-Mihai"]
[Result "1/2-1/2"]
[ECO "E59"]
[WhiteElo "1625"]
[BlackElo "1234"]
[Annotator "NA"]
[PlyCount "74"]
[EventDate "2019.08.02"]
[EventType "swiss"]
[EventCountry "SVK"]
[SourceTitle "playchess.com"]
[Source "ChessBase"]
[SourceQuality "1"]
[TimeControl "40/5400+30:1800+30"]

1. d4 Nf6 2. c4 e6 3. Nc3 Bb4 4. e3 d5 5. Nf3 O-O 6. Bd3 c5 7. O-O Nc6 8. a3 Bxc3 9. bxc3 dxc4 10. Bxc4 Qc7 11. Qc2 e5 12. Bd3 b6 13. Bb2 Bb7 14. c4 exd4 15. exd4 cxd4 16. Nxd4 Ne7 17. Nf5 Nxf5 18. Bxf5 Qc6 19. f3 h6 20. Rfe1 Rfe8 21. Rad1 Rxe1+ 22. Rxe1 Re8 23. Rd1 Bc8 24. Bd3 Nd7 25. Be4 Qc5+ 26. Bd4 Qg5 27. Qa4 a5 28. Bxb6 Rxe4 29. fxe4 Nxb6 30. Qe8+ Kh7 31. Qxf7 Qe3+ 32. Qf2 Qb3 33. Qe2 Ba6 34. e5 Qxc4 35. Qxc4 Nxc4 36. e6 Kg6 37. Re1 Bb5 1/2-1/2

[Event "EYCC Open-U10 2019"]
[Site "Bratislava"]
[Date "2019.08.09"]
[Round "8.29"]
[White "Batozhargalov, Erdem"]
[Black "Bazilius, Augustinas"]
[Result "1/2-1/2"]
[ECO "B09"]
[WhiteElo "1080"]
[BlackElo "1666"]
[Annotator "NA"]
[PlyCount "89"]
[EventDate "2019.08.02"]
[EventType "swiss"]
[EventCountry "SVK"]
[SourceTitle "playchess.com"]
[Source "ChessBase"]
[SourceQuality "1"]
[TimeControl "40/5400+30:1800+30"]

1. e4 d6 2. d4 Nf6 3. Nc3 g6 4. f4 c6 5. Nf3 Bg7 6. Bd3 O-O 7. e5 Nd5 8. Nxd5 cxd5 9. O-O Nc6 10. c3 dxe5 11. fxe5 Qb6 12. Kh1 Bg4 13. Qe1 f6 14. exf6 exf6 15. Qf2 Rad8 16. Bf4 Bxf3 17. gxf3 Rfe8 18. Rg1 g5 19. Bxg5 fxg5 20. Rxg5 Qc7 21. Qh4 Qf7 22. Qxh7+ Kf8 23. Rf5 Bf6 24. Qh6+ Ke7 25. Re1+ Kd7 26. Rxe8 Qxe8 27. Rxf6 Qe1+ 28. Kg2 Rg8+ 29. Kh3 Qe8 30. Qf4 Qh5+ 31. Qh4 Qe8 32. Bf5+ Kc7 33. Qf4+ Kb6 34. Qh4 Qe2 35. Bg6 Qxb2 36. Qh7 Rb8 37. Qd7 Qxa2 38. Qd6 Rh8+ 39. Kg4 Qg2+ 40. Qg3 Rxh2 41. Qxg2 Rxg2+ 42. Kh3 Re2 43. Bf7 Re3 44. Bxd5 Rxc3 45. Bxc6 1/2-1/2

[Event "EYCC Open-U10 2019"]
[Site "Bratislava"]
[Date "2019.08.09"]
[Round "8.30"]
[White "Dotzer, Lukas"]
[Black "Gut, Lionel"]
[Result "1-0"]
[ECO "B80"]
[WhiteElo "1070"]
[BlackElo "1583"]
[Annotator "NA"]
[PlyCount "115"]
[EventDate "2019.08.02"]
[EventType "swiss"]
[EventCountry "SVK"]
[SourceTitle "playchess.com"]
[Source "ChessBase"]
[SourceQuality "1"]
[TimeControl "40/5400+30:1800+30"]

1. e4 c5 2. Nf3 e6 3. d4 cxd4 4. Nxd4 d6 5. Nc3 Nf6 6. Be3 a6 7. f3 b5 8. a3 Bb7 9. Qd2 Nbd7 10. O-O-O Rc8 11. Kb1 Qc7 12. g4 Nb6 13. Ndxb5 axb5 14. Nxb5 Qd8 15. Bxb6 Qxb6 16. Nxd6+ Bxd6 17. Qxd6 Qxd6 18. Rxd6 Ke7 19. Rd2 Rc5 20. Bd3 Nd7 21. Rhd1 h5 22. Bb5 Nb6 23. Rd7+ Nxd7 24. Rxd7+ Kf6 25. Rxb7 hxg4 26. fxg4 Rxh2 27. Bd3 Rg2 28. b4 Rc3 29. a4 Rxg4 30. a5 Rh4 31. Kb2 Rc8 32. a6 g5 33. a7 Ra8 34. b5 g4 35. b6 g3 36. Bf1 Rhh8 37. e5+ Kxe5 38. Bg2 Rh4 39. Rxf7 Rb4+ 40. Kc3 Rxb6 41. Bxa8 Ra6 42. Bg2 Rxa7 43. Rxa7 Kf4 44. Rf7+ Ke3 45. Re7 Kf2 46. Bc6 g2 47. Bxg2 Kxg2 48. Rxe6 Kf3 49. Kd2 Kf4 50. c4 Kf5 51. Re1 Kf6 52. c5 Kf7 53. c6 Kf8 54. c7 Kf7 55. c8=Q Kf6 56. Qf8+ Kg6 57. Rg1+ Kh7 58. Qg7# 1-0

[Event "EYCC Open-U10 2019"]
[Site "Bratislava"]
[Date "2019.08.09"]
[Round "8.31"]
[White "Perossa, Nicolas"]
[Black "Romanov, Vladislav O."]
[Result "1/2-1/2"]
[ECO "B24"]
[WhiteElo "1661"]
[BlackElo "1099"]
[Annotator "NA"]
[PlyCount "82"]
[EventDate "2019.08.02"]
[EventType "swiss"]
[EventCountry "SVK"]
[SourceTitle "playchess.com"]
[Source "ChessBase"]
[SourceQuality "1"]
[TimeControl "40/5400+30:1800+30"]

1. e4 c5 2. Nc3 Nc6 3. d3 g6 4. Be3 Nd4 5. Nce2 Bg7 6. c3 Nxe2 7. Bxe2 d6 8. Nf3 Nf6 9. h3 Bd7 10. O-O O-O 11. Kh1 Rb8 12. Qd2 Re8 13. Rab1 b5 14. e5 Nd5 15. Bf4 Nxf4 16. Qxf4 h6 17. Rfe1 Be6 18. exd6 exd6 19. d4 Bf5 20. Rbd1 Re4 21. Qc1 c4 22. Nd2 Re8 23. Bf3 Rxe1+ 24. Rxe1 Be6 25. a3 a5 26. Nf1 b4 27. d5 Bd7 28. cxb4 axb4 29. Qxc4 Bb5 30. Qf4 Bxf1 31. Rxf1 Qf6 32. Qxf6 Bxf6 33. axb4 Rxb4 34. Rb1 Rxb2 35. Rf1 Bd4 36. Kg1 Kg7 37. g4 f6 38. Kg2 f5 39. Kg3 Kf6 40. Bg2 Rb3+ 41. f3 f4+ 1/2-1/2

[Event "EYCC Open-U10 2019"]
[Site "Bratislava"]
[Date "2019.08.09"]
[Round "8.33"]
[White "Povshednyi, Ivan"]
[Black "Georgiadis, Anastasios"]
[Result "1-0"]
[ECO "A45"]
[WhiteElo "1872"]
[BlackElo "1391"]
[Annotator "NA"]
[PlyCount "156"]
[EventDate "2019.08.02"]
[EventType "swiss"]
[EventCountry "SVK"]
[SourceTitle "playchess.com"]
[Source "ChessBase"]
[SourceQuality "1"]
[TimeControl "40/5400+30:1800+30"]

1. d4 Nf6 2. Nd2 d5 3. Ngf3 e6 4. e3 c5 5. dxc5 Bxc5 6. a3 O-O 7. Be2 Nbd7 8. O-O Qc7 9. b4 Bd6 10. Bb2 e5 11. h3 Nb6 12. c4 dxc4 13. Nxc4 Nxc4 14. Bxc4 b6 15. Rc1 Qe7 16. Bb5 Bb7 17. Bc6 Bxc6 18. Rxc6 Rfd8 19. Qc2 e4 20. Nd2 Be5 21. Bxe5 Qxe5 22. Nb3 Nd5 23. Rd1 Ne7 24. Rxd8+ Rxd8 25. Rc4 f5 26. Rd4 Rc8 27. Qd2 Nc6 28. Rd5 Qe6 29. b5 Ne7 30. Rd8+ Rxd8 31. Qxd8+ Kf7 32. Qd1 g6 33. Nd4 Qd7 34. Qb3+ Kf6 35. Qb2 Kf7 36. Qb3+ Kf6 37. Qc3 Nd5 38. Qb2 Kf7 39. Nc6 Qd6 40. Nxa7 Qc5 41. Nc6 Nc3 42. Nd4 Qc4 43. Qc2 Kf6 44. a4 Qd3 45. a5 Qxc2 46. Nxc2 Nxb5 47. axb6 Nd6 48. Kh2 Ke7 49. Nd4 Kd7 50. Kg3 Nc4 51. b7 Kc7 52. Ne6+ Kxb7 53. Nf8 Kc6 54. Nxh7 Ne5 55. Kh4 Nd3 56. f3 exf3 57. gxf3 Kd5 58. Nf8 Ne5 59. Kg3 g5 60. f4 Nf7 61. Nh7 g4 62. hxg4 fxg4 63. Nf6+ Ke6 64. Nxg4 Nd6 65. Kf3 Kf5 66. Nf2 Nc4 67. e4+ Kf6 68. Ng4+ Ke6 69. f5+ Kf7 70. Kf4 Nd6 71. e5 Ne8 72. e6+ Kf8 73. Ke5 Ng7 74. f6 Nh5 75. Kd6 Ke8 76. f7+ Kf8 77. Kd7 Nf4 78. e7+ Kg7 1-0

[Event "EYCC Open-U10 2019"]
[Site "Bratislava"]
[Date "2019.08.09"]
[Round "8.34"]
[White "Jasso, Matej"]
[Black "Csernyik, Mark"]
[Result "0-1"]
[ECO "B01"]
[WhiteElo "1419"]
[BlackElo "1648"]
[Annotator "NA"]
[PlyCount "88"]
[EventDate "2019.08.02"]
[EventType "swiss"]
[EventCountry "SVK"]
[SourceTitle "playchess.com"]
[Source "ChessBase"]
[SourceQuality "1"]
[TimeControl "40/5400+30:1800+30"]

1. e4 d5 2. e5 c5 3. c3 Nc6 4. d4 cxd4 5. cxd4 Bf5 6. Nf3 e6 7. Bb5 Bb4+ 8. Bd2 Bxd2+ 9. Qxd2 Nge7 10. O-O O-O 11. Nc3 Bg4 12. Ne1 Qb6 13. Be2 Bxe2 14. Nxe2 Nf5 15. Nf3 Rac8 16. Rac1 a5 17. Rfd1 Rc7 18. Ng3 Nxg3 19. hxg3 Rfc8 20. a3 h6 21. Rc3 a4 22. Qc2 Qa7 23. Rc1 b5 24. Qd2 Na5 25. Qd3 Nc4 26. Qe2 Qb6 27. g4 b4 28. axb4 Qxb4 29. g5 h5 30. Nh4 g6 31. g4 Kg7 32. gxh5 Rh8 33. Qf3 Rxh5 34. Qf6+ Kh7 35. Rh3 Qd2 36. Rcc3 Qxg5+ 37. Qxg5 Rxg5+ 38. Ng2+ Kg7 39. b3 axb3 40. Rxb3 Nd2 41. Rb2 Rc1+ 42. Kh2 Nf1+ 43. Kh1 Ne3+ 44. Ne1 Rxe1+ 0-1

[Event "EYCC Open-U10 2019"]
[Site "Bratislava"]
[Date "2019.08.09"]
[Round "8.35"]
[White "Udipi, Kala Kishan"]
[Black "Setina, Vaclav"]
[Result "1-0"]
[ECO "D02"]
[WhiteElo "1732"]
[BlackElo "1415"]
[Annotator "NA"]
[PlyCount "79"]
[EventDate "2019.08.02"]
[EventType "swiss"]
[EventCountry "SVK"]
[SourceTitle "playchess.com"]
[Source "ChessBase"]
[SourceQuality "1"]
[TimeControl "40/5400+30:1800+30"]

1. d4 d5 2. Nf3 Nf6 3. Bf4 Bf5 4. e3 e6 5. Bd3 Bxd3 6. cxd3 Bd6 7. Bxd6 Qxd6 8. O-O O-O 9. Nc3 Nc6 10. Rc1 Rad8 11. a3 a6 12. Qb3 b6 13. Qa4 b5 14. Qc2 e5 15. Nxb5 axb5 16. Qxc6 e4 17. Ne5 b4 18. Qxd6 Rxd6 19. Rxc7 bxa3 20. bxa3 Ra6 21. Ra1 Rb8 22. h3 exd3 23. Nxd3 g6 24. Nc5 Ra5 25. a4 Ne4 26. Nxe4 dxe4 27. Rc5 Rxc5 28. dxc5 Rc8 29. Rc1 Kf8 30. c6 Rc7 31. Rc4 f5 32. Kh2 Ke8 33. Kg3 Kd8 34. Rd4+ Ke8 35. Rd6 Ra7 36. Rd7 Rxd7 37. cxd7+ Kxd7 38. Kf4 Kc6 39. Kg5 Kb6 40. Kh6 1-0

[Event "EYCC Open-U10 2019"]
[Site "Bratislava"]
[Date "2019.08.09"]
[Round "8.36"]
[White "Grabs, Peter"]
[Black "Kozlovic, Jernej"]
[Result "1/2-1/2"]
[ECO "C68"]
[WhiteElo "1638"]
[BlackElo "1294"]
[Annotator "NA"]
[PlyCount "62"]
[EventDate "2019.08.02"]
[EventType "swiss"]
[EventCountry "SVK"]
[SourceTitle "playchess.com"]
[Source "ChessBase"]
[SourceQuality "1"]
[TimeControl "40/5400+30:1800+30"]

1. e4 e5 2. Nf3 Nc6 3. Bb5 a6 4. Bxc6 dxc6 5. d4 exd4 6. Qxd4 Qxd4 7. Nxd4 Bd7 8. Be3 Nf6 9. f3 O-O-O 10. Nd2 Bc5 11. c3 Rhe8 12. O-O-O Bb6 13. Nc4 c5 14. Nxb6+ cxb6 15. Nc2 Be6 16. a3 Bb3 17. Rxd8+ Rxd8 18. Rd1 Rxd1+ 19. Kxd1 Kd7 20. Kd2 Ke6 21. Ne1 Nd7 22. Nd3 Ne5 23. Nxe5 Kxe5 24. Kd3 f6 25. f4+ Ke6 26. g3 Ba2 27. Kc2 Bc4 28. b3 Bf1 29. Kd2 Bg2 30. e5 fxe5 31. fxe5 Kxe5 1/2-1/2

[Event "EYCC Open-U10 2019"]
[Site "Bratislava"]
[Date "2019.08.09"]
[Round "8.37"]
[White "Oglaza, Dawid"]
[Black "Sauer, Tim"]
[Result "0-1"]
[ECO "B15"]
[WhiteElo "1284"]
[BlackElo "1635"]
[Annotator "NA"]
[PlyCount "120"]
[EventDate "2019.08.02"]
[EventType "swiss"]
[EventCountry "SVK"]
[SourceTitle "playchess.com"]
[Source "ChessBase"]
[SourceQuality "1"]
[TimeControl "40/5400+30:1800+30"]

1. e4 c6 2. d4 d5 3. Nc3 dxe4 4. Nxe4 Nf6 5. Nxf6+ exf6 6. Qe2+ Be7 7. Nf3 O-O 8. Be3 Be6 9. g3 Nd7 10. Bg2 Nb6 11. c3 Nc4 12. b3 Nxe3 13. fxe3 Qa5 14. Qc2 c5 15. O-O Rac8 16. c4 cxd4 17. exd4 Rfd8 18. Qe2 Bb4 19. d5 Bg4 20. Kh1 Re8 21. Qd3 Bh5 22. a3 Bg6 23. Qd1 Bc3 24. Ra2 Qc5 25. Qc1 Qe3 26. Qxe3 Rxe3 27. Nh4 b6 28. Nxg6 fxg6 29. Rd1 Rce8 30. Kg1 a5 31. d6 Re1+ 32. Rxe1 Rxe1+ 33. Kf2 Rd1 34. Bd5+ Kf8 35. Re2 Be5 36. d7 Ke7 37. Bc6 Kd8 38. Bb5 g5 39. Kg2 g4 40. b4 Kc7 41. Ba4 Rd3 42. bxa5 bxa5 43. Ra2 h5 44. c5 g5 45. c6 h4 46. gxh4 gxh4 47. Kg1 Rd4 48. Bb3 a4 49. Be6 Rd1+ 50. Kf2 Rh1 51. Rd2 Rxh2+ 52. Ke1 Rxd2 53. Kxd2 g3 54. Bh3 Bd6 55. Kc2 Bxa3 56. Bg2 Be7 57. Kd2 a3 58. Kc2 f5 59. Bd5 h3 60. Kd2 g2 0-1

[Event "EYCC Open-U10 2019"]
[Site "Bratislava"]
[Date "2019.08.09"]
[Round "8.38"]
[White "Papaioannou, Dimitrios"]
[Black "Tushishvili, Tamaz"]
[Result "1-0"]
[ECO "B63"]
[WhiteElo "1629"]
[BlackElo "1323"]
[Annotator "NA"]
[PlyCount "109"]
[EventDate "2019.08.02"]
[EventType "swiss"]
[EventCountry "SVK"]
[SourceTitle "playchess.com"]
[Source "ChessBase"]
[SourceQuality "1"]
[TimeControl "40/5400+30:1800+30"]

1. e4 c5 2. Nf3 Nc6 3. d4 cxd4 4. Nxd4 Nf6 5. Nc3 d6 6. Bg5 e6 7. Qd2 Be7 8. O-O-O a6 9. Nxc6 bxc6 10. Bxf6 gxf6 11. Bc4 d5 12. Bb3 Bb7 13. Rhe1 Qc7 14. Qe2 Rd8 15. exd5 cxd5 16. g3 f5 17. f4 d4 18. Ba4+ Kf8 19. Nb1 Bf6 20. Na3 Rc8 21. Bb3 Kg7 22. Kb1 Rhd8 23. Rg1 Be4 24. Qxa6 Rd6 25. Qe2 Rb8 26. Nb5 Bf3 27. Qxf3 Rxb5 28. g4 Kh8 29. gxf5 Rxf5 30. Rg4 Rd8 31. Rf1 Be5 32. Qg3 Qb8 33. Rg1 Bxf4 34. Rxf4 Qe5 35. Rxf5 Qxg3 36. hxg3 exf5 37. Bxf7 Kg7 38. Bb3 Kf6 39. a4 Rd7 40. Kc1 Rg7 41. Kd2 f4 42. Rf1 Rxg3 43. Rxf4+ Ke5 44. Rf2 h5 45. Rh2 Rg5 46. Bf7 h4 47. Rxh4 Rg2+ 48. Kd3 Rg3+ 49. Kc4 Rg2 50. Kb3 Rg3+ 51. c3 d3 52. Rd4 Rg7 53. Bc4 Rb7+ 54. Bb5 d2 55. Rxd2 1-0

[Event "EYCC Open-U10 2019"]
[Site "Bratislava"]
[Date "2019.08.09"]
[Round "8.39"]
[White "Koblov, Egor"]
[Black "La Barbera, Manfredi"]
[Result "1-0"]
[ECO "C06"]
[WhiteElo "1312"]
[BlackElo "1479"]
[Annotator "NA"]
[PlyCount "83"]
[EventDate "2019.08.02"]
[EventType "swiss"]
[EventCountry "SVK"]
[SourceTitle "playchess.com"]
[Source "ChessBase"]
[SourceQuality "1"]
[TimeControl "40/5400+30:1800+30"]

1. e4 e6 2. d4 d5 3. Nd2 Nf6 4. e5 Nfd7 5. Bd3 c5 6. c3 Nc6 7. Ne2 cxd4 8. cxd4 f6 9. exf6 Nxf6 10. Nf3 Bd6 11. O-O O-O 12. Bf4 Qc7 13. Bxd6 Qxd6 14. Nc3 Bd7 15. a3 Rac8 16. h3 Na5 17. Ne5 Nc4 18. Qe2 Na5 19. Rad1 a6 20. f4 Kh8 21. Rfe1 Rce8 22. Qf2 Ng8 23. Qh4 Nh6 24. Rf1 Qe7 25. Qh5 Rd8 26. Qg5 Qf6 27. g4 Be8 28. Rde1 Rd6 29. Qxf6 gxf6 30. Nf3 Nc6 31. Rd1 Bg6 32. Bxg6 hxg6 33. Na4 Nf7 34. Nc5 Nfd8 35. Rfe1 Kg7 36. f5 exf5 37. gxf5 gxf5 38. Nh4 Kf7 39. Nxf5 Rg8+ 40. Kf2 Re6 41. Nxe6 Nxe6 42. Nh6+ 1-0

[Event "EYCC Open-U10 2019"]
[Site "Bratislava"]
[Date "2019.08.09"]
[Round "8.40"]
[White "Pereverzev, Timofei"]
[Black "Tolmacevs, Artjoms"]
[Result "1/2-1/2"]
[ECO "B92"]
[WhiteElo "1332"]
[BlackElo "1583"]
[Annotator "NA"]
[PlyCount "131"]
[EventDate "2019.08.02"]
[EventType "swiss"]
[EventCountry "SVK"]
[SourceTitle "playchess.com"]
[Source "ChessBase"]
[SourceQuality "1"]
[TimeControl "40/5400+30:1800+30"]

1. e4 c5 2. Nf3 d6 3. d4 cxd4 4. Nxd4 Nf6 5. Nc3 a6 6. Be2 e5 7. Nb3 Be7 8. Be3 Be6 9. O-O b6 10. Qd2 O-O 11. a4 Nbd7 12. a5 b5 13. f3 Rc8 14. Rfd1 Qc7 15. Nc1 Nc5 16. Nd3 Nxd3 17. Bxd3 Qc6 18. Rac1 Rfd8 19. Bg5 h6 20. Nd5 Nxd5 21. exd5 Bxg5 22. dxc6 Bxd2 23. Rxd2 Rxc6 24. Be4 d5 25. Rcd1 Rcd6 26. Kf2 f5 27. Bd3 e4 28. Be2 d4 29. Ke1 e3 30. Rd3 Bc4 31. Ra3 Rg6 32. g3 f4 33. g4 h5 34. h3 hxg4 35. Bxc4+ bxc4 36. fxg4 f3 37. Rxe3 dxe3 38. Rxd8+ Kf7 39. Rd7+ Ke8 40. Rd5 f2+ 41. Ke2 Re6 42. g5 Re4 43. Rf5 Ke7 44. g6 Ke6 45. Rf3 Ke5 46. h4 Kd4 47. c3+ Kc5 48. h5 Re5 49. h6 gxh6 50. g7 Rg5 51. Kxe3 Rxg7 52. Rxf2 Rg6 53. Rf5+ Kc6 54. Kf2 Rd6 55. Ke2 Re6+ 56. Kf2 Kd6 57. Rh5 Rf6+ 58. Ke2 Kc6 59. Ke1 Kd7 60. Rh4 Re6+ 61. Kd2 Rc6 62. Kc2 Kc7 63. Kb1 Rc5 64. Rxh6 Rxa5 65. Kc2 Kb7 66. Rh1 1/2-1/2